 Dungeon Crawl Stone Soup version 0.28-a0-500-g121bc3e445 (webtiles) character file.

Game seed: 536759279590292738

0 spiderkeys the Skirmisher (level 1, -4/23 HPs)
             Began as a Gnoll Abyssal Knight on Sept 20, 2021.
             Was a Follower of Lugonu.
             Slain by a flying skull (10 damage)
             ... on level 1 of the Abyss.
             The game lasted 00:00:32 (80 turns).

spiderkeys the Skirmisher (Gnoll Abyssal Knight)      Turns: 80, Time: 00:00:33

Health: -4/23      AC:  3    Str: 12    XL:     1   Next: 0%
Magic:  3/3        EV: 12    Int:  9    God:    Lugonu [*.....]
Gold:   0          SH:  0    Dex: 12    Spells: 0/0 levels left

rFire   . . .      SeeInvis .   a - +1 spear
rCold   . . .      Faith    .   (no shield)
rNeg    . . .      Spirit   .   b - +0 leather armour
rPois   .          Reflect  .   (no helmet)
rElec   .          Harm     .   (no cloak)
rCorr   .          Rampage  .   (no gloves)
Will    .....                   (no boots)
Stlth   +.........              (no amulet)
HPRegen 0.07/turn               (no ring)
MPRegen 0.08/turn               (no ring)

@: no status effects
A: fangs 1, strong nose, distributed training
a: Renounce Religion, Depart the Abyss


You were on level 1 of the Abyss.
You worshipped Lugonu.
Lugonu was aware of your devotion.
You visited 0 branches of the dungeon, and saw 0 of its levels.
You visited the Abyss 1 time.


Innate Abilities, Weirdness & Mutations

You have very sharp teeth.
Your uncanny sense of smell can sniff out nearby items.
Your experience applies equally to all skills.


   Skills:
 + Level 6.4 Fighting
 + Level 0.0 Short Blades
 + Level 0.0 Long Blades
 + Level 0.0 Axes
 + Level 0.0 Maces & Flails
 + Level 4.4 Polearms
 + Level 0.0 Staves
 + Level 0.0 Slings
 + Level 0.0 Bows
 + Level 0.0 Crossbows
 + Level 0.0 Throwing
 + Level 4.4 Armour
 + Level 2.3 Dodging
 + Level 0.0 Stealth
 + Level 0.0 Shields
 + Level 0.0 Unarmed Combat
 + Level 0.0 Spellcasting
 + Level 0.0 Conjurations
 + Level 0.0 Hexes
 + Level 0.0 Summonings
 + Level 0.0 Necromancy
 + Level 0.0 Translocations
 + Level 0.0 Transmutations
 + Level 0.0 Fire Magic
 + Level 0.0 Ice Magic
 + Level 0.0 Air Magic
 + Level 0.0 Earth Magic
 + Level 0.0 Poison Magic
 + Level 4.4 Invocations
 + Level 0.0 Evocations


You couldn't memorise any spells.
You didn't know any spells.
Your spell library was empty.

Inventory:

Hand Weapons
 a - a +1 spear (weapon)
Armour
 b - a +0 leather armour (worn)

Dungeon Overview and Level Annotations

Branches:
Dungeon (0/15)

Altars:

.# ### ..#. ##.##
x... #@z.####
...# # ###....#
.#.. #..#.. ..##
... ..# ..#..
.#.. # . # ..#.#
.## #. ## #
#...## .#..# #
....#####.......#
. #...#..... ...
. ...#...##.###
## #. .#


You could see a flying skull.


Message History

🤖 Initializing magus.rc ...
Options error: Delay interrupt name "hungry" not recognised. (~/.crawlrc:4988) ✅ Successfully initialized magus.rc [v1.9.10] Welcome, spiderkeys the Gnoll Abyssal Knight.
Will you be the one to retrieve the awesome Orb of Zot from the depths?
Lugonu says: Depart the Abyss and spread corruption, my servant! (use the ability menu to exit the Abyss) Press ? for a list of commands and other information.
Found a corrupted altar of Lugonu.
Found a gateway leading out of the Abyss.
Tentacles burst from the starspawn's body! 2 starspawn tentacles come into view.
Found a gateway leading out of the Abyss.
The starspawn tentacle grabs you.
The starspawn tentacle constricts you. 😕 HP[-3]
You take 3 damage, and now have 20/23 hp.
You escape the starspawn tentacle's grasp. 😕 HP[+1] 😕 HP[+1]
The tentacled starspawn barely misses you.
The tentacled starspawn tentacle-slaps you! 😮 HP[-9]
You take 9 damage, and now have 13/23 hp.
MASSIVE DAMAGE!! (PAUSE)
A tentacle flies out from the starspawn's body!
A starspawn tentacle comes into view.
The starspawn tentacle misses you. The starspawn tentacle grabs you.
The starspawn tentacle constricts you.
* * * LOW HITPOINT WARNING * * *
😨 HP[-3]
You take 3 damage, and now have 10/23 hp.
The starspawn tentacle's grasp on you weakens, but your attempt to escape fails.
The starspawn tentacle constricts you.
* * * LOW HITPOINT WARNING * * *
😨 HP[-2]
You take 2 damage, and now have 8/23 hp.
You escape the starspawn tentacle's grasp.
A rakshasa comes into view. It is wielding a +0 long sword.
The rakshasa blinks!
Tentacles burst from the starspawn's body! 2 starspawn tentacles come into view. 😨 HP[+1]
The starspawn tentacle grabs you. The starspawn tentacle constricts you.
* * * LOW HITPOINT WARNING * * *
A starspawn tentacle segment comes into view. 😨 HP[-3]
You take 3 damage, and now have 6/23 hp.
You escape the starspawn tentacle's grasp.
A small abomination comes into view.
A flying skull comes into view.
The flying skull completely misses you. The flying skull misses you. 😨 HP[+1]
The flying skull closely misses you. The flying skull barely misses you.
The flying skull hits you but does no damage.
You hit the flying skull but do no damage.
The flying skull hits you.
* * * LOW HITPOINT WARNING * * *
😨 HP[-1]
You take 1 damage, and now have 6/23 hp.
You hit the flying skull but do no damage.
The flying skull barely misses you.
You barely miss the flying skull. The flying skull misses you.
The flying skull hits you but does no damage.
You hit the flying skull. The flying skull hits you!
You die...

Action                   || total
-------------------------++-------
Melee: Spear             ||     4
Armor: Leather armour    ||     2
Dodge: Dodged            ||     8

Levels and vault maps discovered:
Abyss:1:  base: Temple, base:
Temple

Notes
Turn   | Place    | Note
-------+----------+-------------------------------------------
     0 | Abyss:1  | spiderkeys the Gnoll Abyssal Knight began the quest for the
                  | Orb.
     0 | Abyss:1  | Reached XP level 1. HP: 23/23 MP: 3/3
     0 | Abyss:1  | magus.rc [v1.9.10]
    10 | Abyss:1  | Noticed a tentacled starspawn
    53 | Abyss:1  | Noticed a rakshasa
    60 | Abyss:1  | Noticed a small abomination
    68 | Abyss:1  | Noticed a flying skull
    80 | Abyss:1  | Slain by a flying skull

Vanquished Creatures (others)
  11 starspawn tentacles (Abyss:1)
11 creatures vanquished.

Table legend:
 A = Non-vault XP
 B = Vault XP
 C = Vault XP percentage of total XP
 D = Non-vault monster count
 E = Vault monster count
 F = Vault count percentage of total count
                 A         B        C        D         E       F
            +---------+---------+-------+---------+---------+-------
      Total |       0 |       0 |   N/A |       0 |       0 |  -nan
            +---------+---------+-------+---------+---------+-------
            +---------+---------+-------+---------+---------+-------

Illustrated notes

Table legend: (Time is in decaauts)
 A = Elapsed time spent in this place.
 B = Non-inter-level travel time spent in this place.
 C = Inter-level travel time spent in this place.
 D = Time resting spent in this place.
 E = Time spent auto-exploring this place.
 F = Levels seen in this place.
 G = Mean time per level.
                   A        B        C        D        E       F      G
               +--------+--------+--------+--------+--------+-----+--------+
         Total |     79 |     79 |      0 |      0 |      2 |   1 |   79.0 |
         Abyss |     79 |     79 |      0 |      0 |      2 |   1 |   79.0 |
               +--------+--------+--------+--------+--------+-----+--------+

Top non-repeatable levels by time:
 Abyss:1: 79 daAuts
